 Dungeon Sprint DCSS version 0.23.2 (webtiles) character file.

Game seed: 16818141812747651486

1700000 Fang the Slayer (level 15, -12/146 HPs)
             Began as a Demonspawn Gladiator on Apr 2, 2019.
             Was a Believer of Makhleb.
             Mangled by a meat berserker
             ... wielding a +9 battleaxe
              (43 damage)
             ... in the Dungeon (Sprint VIII: "Arena of Blood").
             The game lasted 00:00:23 (17 turns).

Fang the Slayer (Demonspawn Gladiator)                Turns: 17, Time: 00:00:24

Health: -12/146    AC:  3    Str: 19    XL:     15   Next: 59%
Magic:  15/15      EV: 28    Int:  9    God:    Makhleb [**....]
Gold:   0          SH:  0    Dex: 17    Spells: 14/14 levels left

rFire    . . .     SeeInvis +   l - +∞ Axe of Woe
rCold    . . .     Gourm    .   (shield currently unavailable)
rNeg     . . .     Faith    .   b - +0 leather armour
rPois    .         Spirit   .   (helmet unavailable)
rElec    .         Reflect  .   (no cloak)
rCorr    .         Harm     .   (no gloves)
MR       +....     NoTele   +   (boots unavailable)
Stlth    +++.......             (no amulet)
HPRegen  0.34/turn              (no ring)
MPRegen  0.14/turn              (no ring)

@: no status effects
A: antennae 3, claws 2, talons 3, demonic guardian 2, nightstalker 2
a: Minor Destruction, Renounce Religion


You were in the Dungeon.
You worshipped Makhleb.
Makhleb was pleased with you.
You were not hungry.

You visited 1 branch

Inventory:

Hand Weapons
 a - a +0 war axe
 l - the +∞ Axe of Woe (weapon)
   (You found it in the Dungeon)
Missiles
 d - 3 throwing nets (quivered)
Armour
 b - a +0 leather armour (worn)
 c - a +0 helmet
Scrolls
 k - a scroll of blinking
Potions
 e - a potion of curing
 g - a potion of heal wounds
 h - a potion of haste
 i - 2 potions of magic
 j - a potion of berserk rage
Comestibles
 f - a ration


   Skills:
 + Level 22.0 Fighting
 + Level 20.6 Axes
 + Level 20.5 Throwing
 + Level 20.6 Dodging


You had 14 spell levels left.
You didn't know any spells.
Your spell library was empty.

Dungeon Overview and Level Annotations

Branches:
Dungeon (1/1)

Altars:
Makhleb


Innate Abilities, Weirdness & Mutations

You have a pair of large antennae on your head. (SInv)
You have very sharp fingernails.
You have claws for feet.
A demonic guardian rushes to your aid.
You are significantly more attuned to the shadows.


Message History

The meat berserker hits your sixfirhy with a +9 battleaxe!!
Your sixfirhy hits the meat berserker.
Your sixfirhy shocks the meat berserker!
You hear a shout!
A bag of meat comes into view. It is wielding a +9 war axe.
You hear a shout! x6
An orc and an ogre come into view.
The meat berserker appears out of thin air!
A meat berserker comes into view. It is wielding a +9 battleaxe.
The bag of meat shouts!
The meat berserker shouts! x2; You hear a shout!
Your sixfirhy closely misses the meat berserker.
Your sixfirhy hits the meat berserker.
Your sixfirhy shocks the meat berserker!
Your sixfirhy hits the meat berserker!
Your sixfirhy shocks the meat berserker!
You hear a shout!
The meat berserker hits your sixfirhy with a +9 battleaxe!!
Your sixfirhy dies!
The meat berserker hits you with a +9 battleaxe!!!
You die...

. #... ...# .
..###... ...###..
......###......
......._......
... #.....# {
....#_.<)_#
....#..)..#.
.....O._..o.o.
.oo..@###......
..###.......###..
. #.......# .
#.......#
...O.....
.......Oo{


You could see 3 meat berserkers and 4 bags of meat.

Vanquished Creatures
  2 ogres (D)
  3 orcs (D)
5 creatures vanquished.

Notes
Turn   | Place    | Note
-------+----------+-------------------------------------------
     0 | D        | Found the +∞ Axe of Woe
     0 | D        | Fang the Demonspawn Gladiator began the quest for the Orb.
     0 | D        | Reached XP level 1. HP: 16/16 MP: 1/1
     4 | D        | Became a worshipper of Makhleb the Destroyer
     6 | D        | Noticed a bag of meat
     7 | D        | Noticed a meat berserker
     7 | D        | Noticed a bag of meat
     8 | D        | Noticed a bag of meat
     9 | D        | Noticed a meat berserker
    11 | D        | Killed a bag of meat
    11 | D        | Reached skill level 14 in Fighting
    11 | D        | Gained mutation: A weak demonic guardian rushes to your
                  | aid. [demonic ancestry]
    11 | D        | Reached XP level 2. HP: 43/43 MP: 2/2
    11 | D        | Gained mutation: You have sharp toenails. [demonic
                  | ancestry]
    11 | D        | Reached XP level 3. HP: 49/49 MP: 3/3
    11 | D        | Reached XP level 4. HP: 56/56 MP: 4/4
    11 | D        | Gained mutation: A demonic guardian rushes to your aid.
                  | [demonic ancestry]
    11 | D        | Reached XP level 5. HP: 62/62 MP: 5/5
    11 | D        | Gained mutation: You have razor-sharp toenails. [demonic
                  | ancestry]
    11 | D        | Reached XP level 6. HP: 69/69 MP: 6/6
    11 | D        | Gained mutation: You are slightly more attuned to the
                  | shadows. [demonic ancestry]
    11 | D        | Reached XP level 7. HP: 75/75 MP: 7/7
    11 | D        | Gained mutation: You have a pair of small antennae on your
                  | head. [demonic ancestry]
    11 | D        | Reached XP level 8. HP: 82/82 MP: 8/8
    11 | D        | Gained mutation: You have a pair of antennae on your head.
                  | [demonic ancestry]
    11 | D        | Reached XP level 9. HP: 88/88 MP: 9/9
    11 | D        | Gained mutation: You have sharp fingernails. [demonic
                  | ancestry]
    11 | D        | Reached XP level 10. HP: 95/95 MP: 10/10
    11 | D        | Reached XP level 11. HP: 101/101 MP: 11/11
    12 | D        | Killed a meat berserker
    12 | D        | Reached * piety under Makhleb
    12 | D        | Reached skill level 18 in Fighting
    12 | D        | Gained mutation: You are significantly more attuned to the
                  | shadows. [demonic ancestry]
    12 | D        | Reached XP level 12. HP: 83/116 MP: 12/12
    12 | D        | Gained mutation: You have very sharp fingernails. [demonic
                  | ancestry]
    12 | D        | Reached XP level 13. HP: 87/122 MP: 13/13
    13 | D        | Killed a bag of meat
    13 | D        | Reached skill level 19 in Fighting
    13 | D        | Gained mutation: You have a pair of large antennae on your
                  | head. (SInv) [demonic ancestry]
    13 | D        | Reached XP level 14. HP: 68/133 MP: 14/14
    13 | D        | Killed a meat berserker
    13 | D        | Reached skill level 21 in Fighting
    13 | D        | Gained mutation: You have claws for feet. [demonic
                  | ancestry]
    13 | D        | Reached XP level 15. HP: 74/144 MP: 15/15
    14 | D        | Noticed a meat berserker
    14 | D        | Reached ** piety under Makhleb
    14 | D        | Reached skill level 22 in Fighting
    17 | D        | Noticed a meat berserker
    17 | D        | Noticed a meat berserker
    17 | D        | Mangled by a meat berserker

Skill      XL: |  1  2  3  4  5  6  7  8  9 10 11 12 13 14 15 |
---------------+----------------------------------------------+-----
Fighting       | 14 18 19 21 22 | 22.0
Axes           | 13 17 18 19 20 | 20.6
Throwing       | 13 16 18 19 20 | 20.5
Dodging        | 13 17 18 19 20 | 20.6

Action                   |  1- 3 |  4- 6 |  7- 9 | 10-12 | 13-15 || total
-------------------------+-------+-------+-------+-------+-------++-------
Melee: Executioner's axe |     1 |       |       |     1 |     2 ||     4
Dodge: Dodged            |       |       |       |       |     2 ||     2
